 Dungeon Crawl Stone Soup version 0.22.1-2-g9c5b331383 (webtiles) character file.

79190 McIrco the Peltast (level 15, -4/65 HPs)
             Began as a Gargoyle Fighter on Jan 6, 2019.
             Was the Champion of Makhleb.
             Killed from afar by a starcursed mass (8 damage)
             ... with an accursed screaming
             ... on level 2 of the Abyss.
             The game lasted 00:51:01 (15250 turns).

McIrco the Peltast (Gargoyle Fighter)              Turns: 15250, Time: 00:51:03

Health: -4/65      AC: 30    Str: 20 (22) XL:     15   Next: 62%
Magic:  21/21      EV: 11    Int:  2 (4)  God:    Makhleb [******]
Gold:   961        SH: 14    Dex: 10      Spells: 14/14 levels left

rFire    . . .     SeeInvis .   B - +12 Vampire's Tooth {vamp}
rCold    + . .     Gourm    .   c - +0 shield
rNeg     + + .     Faith    .   A - +4 chain mail
rPois    ∞         Spirit   .   j - +0 hat {MR+}
rElec    +         Reflect  .   F - +0 cloak
rCorr    .         Harm     .   G - +0 pair of gloves
MR       ++...     Rnd*Tele +   o - +2 pair of boots
Stlth    ..........             b - amulet of regeneration
HPRegen  0.00/turn              Z - ring of protection from cold
MPRegen  0.17/turn              k - ring of Xuiges {rN+ MP+9 Str+4}

@: about to teleport, berserk cooldown, flying
A: big wings, [blurry vision 3], [clumsy 2], [deformed body], [deterioration 2],
[dopey 2], [frail 3], [low mp 2], negative energy resistance 1, [screaming 3],
electricity resistance, [inhibited regeneration], [teleportitis 2], [weak 2],
unbreathing, petrification resistance, [no potion heal 3], rot immunity,
[subdued magic 2], AC +11
a: Stop Flying, Minor Destruction, Lesser Servant of Makhleb, Major Destruction,
Greater Servant of Makhleb, Renounce Religion


You were on level 2 of the Abyss.
You worshipped Makhleb.
Makhleb was exalted by your worship.
You were not hungry.

You visited 3 branches of the dungeon, and saw 17 of its levels.
You visited the Abyss 1 time.
You also visited: Ice Cave.

You collected 1276 gold pieces.
You spent 315 gold pieces at shops.

Inventory:

Hand Weapons
 B - the +12 Vampire's Tooth (weapon) {vamp}
   (You found it on level 5 of the Dungeon)

   It inflicts no extra harm, but heals its wielder when it wounds a living foe.
 S - the +5 dagger of Melee {protect, Int+2 Dex-2 Stlth+, unknown}
   (You took it off a big kobold on level 13 of the Dungeon)

   It protects the one who uses it against injury (+AC on strike).
   It affects your intelligence (+2).
   It affects your dexterity (-2).
   It makes you more stealthy.
Armour
 c - a +0 shield (worn)
 j - a +0 hat of magic resistance (worn)
 o - a +2 pair of boots (worn)
 A - a +4 chain mail (worn)
 F - a +0 cloak (worn)
 G - a +0 pair of gloves (worn)
Jewellery
 b - an amulet of regeneration (around neck)
 k - the ring of Xuiges (right hand) {rN+ MP+9 Str+4}
   (You acquired it on level 15 of the Dungeon)

   [ring of magical power]

   It affects your strength (+4).
   It protects you from negative energy.
   It affects your magic capacity (+9).
 R - an uncursed amulet of rage
 Z - a ring of protection from cold (left hand)
Wands
 y - a wand of disintegration (17)
 H - a wand of enslavement (20)
 J - a wand of random effects (90)
 K - a wand of iceblast (23)
 N - a wand of flame (38)
 T - a wand of polymorph (9)
Scrolls
 g - 2 scrolls of identify
 h - 2 scrolls of blinking
 l - 6 scrolls of teleportation
 p - 2 scrolls of random uselessness
 r - 6 scrolls of remove curse
 w - a scroll of immolation
 D - a scroll of enchant weapon
 I - 2 scrolls of enchant armour
 V - 2 scrolls of summoning
 W - 2 scrolls of magic mapping
Potions
 d - 4 potions of might
 e - a potion of brilliance {unknown}
 i - 7 potions of heal wounds
 m - 4 potions of haste
 n - 3 potions of cancellation
 q - 10 potions of curing
 s - 4 potions of mutation
 t - a potion of ambrosia
 u - 2 potions of lignification
 v - 3 potions of magic
 x - a potion of invisibility {unknown}
 z - a potion of agility
 C - 3 potions of degeneration
 P - a potion of berserk rage {unknown}
 U - a potion of resistance {unknown}
Miscellaneous
 a - a fan of gales
 M - a fan of gales
 O - 2 phantom mirrors
Comestibles
 f - 20 rations


   Skills:
 + Level 11.1 Fighting
 + Level 11.3(11.6) Short Blades
   Level 4.3(8.5) Long Blades
 * Level 13.1 Armour
 * Level 7.9 Dodging
 - Level 0.6 Stealth
 * Level 17.1 Shields
 + Level 0.1 Unarmed Combat


You had 14 spell levels left.
You didn't know any spells.
Your spell library contained the following spells:

 Spells                   Type           Power        Failure   Level  Hunger
 Infusion                 Chrm           #...         97%         1    ##.....
 Sandblast                Erth           #.....       97%         1    ##.....
 Passwall                 Tmut/Erth      #.......     99%         2    ###....
 Shroud of Golubria       Chrm/Tloc      #.........   99%         2    ###....
 Song of Slaying          Chrm           #.......     99%         2    ###....
 Swiftness                Chrm/Air       #.......     99%         2    ###....
 Regeneration             Chrm/Necr      #.........   100%        3    ####...
 Spectral Weapon          Hex/Chrm       #.......     100%        3    ####...
 Stone Arrow              Conj/Erth      #.....       100%        3    ####...
 Ice Form                 Ice/Tmut       #.......     100%        4    #####..
 Leda's Liquefaction      Hex/Erth       #.........   100%        4    #####..
 Petrify                  Tmut/Erth      #.......     100%        4    #####..
 Borgnjor's Vile Clutch   Necr/Erth      #.........   100%        5    ######.
 Lee's Rapid Deconstruct  Erth           #.........   100%        5    ######.
 Metabolic Englaciation   Hex/Ice        #.........   100%        5    ######.
 Bolt of Cold             Conj/Ice       #.........   100%        6    #######
 Freezing Cloud           Conj/Ice/Air   #.........   100%        6    #######
 Iron Shot                Conj/Erth      #.........   100%        6    #######
 Ozocubu's Refrigeration  Ice            #.........   100%        6    #######
 Simulacrum               Ice/Necr       #.........   100%        6    #######


Dungeon Overview and Level Annotations

Branches:
Dungeon (15/15)            Temple (1/1) D:4            Lair (1/6) D:9
    Orc (0/2) D:12         Vaults (0/5) D:13         Depths (0/5) D:15

Altars:
Ashenzari
Cheibriados
Dithmenos
Elyvilon
Fedhas
Gozag
Hepliaklqana
Kikubaaqudgha
Makhleb
Nemelex Xobeh
Ru
Vehumet
Wu Jian
Xom
Yredelemnul
The Shining One

Shops:
D:9 !

Annotations:
D:6 exclusion: statue
D:15 exclusion: Roxanne, Roxanne
Lair:1 Sonja


Innate Abilities, Weirdness & Mutations

You are resistant to torment.
Your stone body is resilient. (AC +11)
You are immune to poison.
Your large and strong wings let you fly indefinitely.
You resist negative energy. (rN+)
You are resistant to electric shocks. (rElec)
You can survive without breathing.
You are immune to petrification.
You are immune to rotting.
[Scrolls take you much longer to read.]
[You are very clumsy. (Dex -4)]
[Armour fits poorly on your strangely shaped body.]
[Your body often deteriorates upon taking damage.]
[You are very dopey. (Int -4)]
[You are extremely frail. (-30% HP)]
[Your magical capacity is very low. (-20% MP)]
[You frequently scream uncontrollably at your foes.]
[You do not regenerate when monsters are visible.]
[You are sometimes teleported next to monsters.]
[You are very weak. (Str -4)]
[Potions cannot restore your health.]
[Your spells are easier to cast, but less powerful.]


Message History

Your regeneration stops near monsters.
Unknown command.
Unknown command.
You hit the bone dragon but do no damage.
The bone dragon is moderately damaged.
You feel yourself speed up.
The soul eater draws from the surrounding life force!
* * * LOW HITPOINT WARNING * * *
The bone dragon bites you but does no damage.
The bone dragon barely misses you.
The bone dragon tramples you but does no damage.
A starspawn tentacle comes into view.
Unknown command.
You puncture the bone dragon!
The bone dragon is moderately damaged.
The wretched star pulses with an eldritch light!
You feel a strong urge to scream.
Your system completely rejects the healing effects of potions.
A deafening chorus of shrieks assaults your mind!
You die...

........ . . ... ....
................ .. .
................ ... .
#...._#.....#.....#.)
.. ##...###...###..
###V ...#...*.#.....#..
..#..
............X....... .
.......h*hXXX.... . ..
.......@D.3*X... ....
.. ...#....2#X─X5.#...
. X. ##..w###.>.###...#
. #....\ .....#... .# .
....... /...... .4...
.......$w....[ ..... .
.......................
...#.....#.....#.


You could see a bone dragon, 6 starcursed masses, a tentacled starspawn, a green
death, 3 wretched stars, a soul eater, 2 raiju, 2 starspawn tentacles and a
quasit.

Vanquished Creatures
  Rupert (D:13)
  Agnes (D:15)
  Gastronok (D:8)
  A frost giant (IceCv)
  A deep elf elementalist (Abyss:2)
  Azrael (D:12)
  4 vault guards (D:13)
  2 ice dragons (D:15)
  2 hydras (D:14)
  A catoblepas (D:15)
  8 two-headed ogres
  Erica (D:11)
  A centaur warrior (D:12)
  A death yak (IceCv)
  A death knight (D:14)
  3 thrashing horrors (Abyss:2)
  An ogre mage (D:15)
  11 skeletal warriors
  A deep elf archer (D:13)
  2 wizards
  3 unseen horrors (D:15)
  An orc knight (D:13)
  2 deep elf magi (D:15)
  An orc sorcerer (D:13)
  14 ugly things
  2 manticores
  2 cyclopes (D:15)
  An apocalypse crab (Abyss:2)
  A smoke demon (Abyss:2)
  2 gargoyles
  A guardian serpent (shapeshifter) (D:14)
  An ice statue (IceCv)
  3 freezing wraiths
  5 kobold demonologists
  A yaktaur (D:13)
  An ancient zyme (Abyss:2)
  4 trolls
  A tengu conjurer (D:15)
  6 meliai (D:15)
  15 polar bears (IceCv)
  3 raiju (Abyss:2)
  8 slime creatures (D:13)
  39 yaks
  A hippogriff (D:12)
  A vampire (D:11)
  A ynoxinul (Abyss:2)
  A spriggan (D:8)
  3 shadows
  4 wraiths
  3 large abominations (Abyss:2)
  4 fire elementals
  2 hungry ghosts
  A basilisk (D:14)
  12 vampire mosquitoes
  An acid dragon (D:11)
  2 water moccasins
  A hell hound (D:12)
  2 porcupines (D:9)
  15 ice beasts
  4 black bears
  10 orc warriors
  5 ogres
  3 sky beasts
  2 phantoms
  2 necrophages
  16 wolves (IceCv)
  3 boggarts (D:14)
  A crocodile (D:9)
  14 centaurs
  10 bullfrogs
  6 big kobolds
  A wyvern zombie (D:12)
  A wyvern skeleton (D:9)
  5 scorpions
  A water moccasin skeleton (D:12)
  4 killer bees (D:12)
  26 wights
  5 howler monkeys
  9 crimson imps
  A bullfrog zombie (D:6)
  2 small abominations (Abyss:2)
  2 jellies
  2 quasits
  4 hounds
  A bullfrog skeleton (D:9)
  15 orc wizards
  Crazy Yiuf (D:2)
  A gnoll shaman (D:9)
  9 orc priests
  An iron imp (Abyss:2)
  9 centaur skeletons
  5 iguanas
  9 worker ants
  2 hound skeletons
  A hound zombie (D:8)
  A mummy (D:5)
  4 worker ant zombies
  4 gnolls (D:9)
  18 adders
  A howler monkey skeleton (D:11)
  5 shadow imps
  An ooze (D:1)
  An adder zombie (D:6)
  3 adder skeletons
  2 worms
  A dart slug (D:3)
  9 leopard geckos
  57 orcs
  A ball python (D:1)
  5 giant cockroaches
  7 goblins
  6 hobgoblins
  8 jackals
  5 quokkas
  7 bats
  4 frilled lizards
  A giant cockroach zombie (D:5)
  2 hobgoblin zombies (D:5)
  21 kobolds
  A kobold zombie (D:5)
  An orc zombie (D:5)
  A quokka skeleton (D:4)
  13 rats
  A plant (D:9)
600 creatures vanquished.

Vanquished Creatures (others)
  A troll (D:12)
  An orc wizard (D:12)
  15 bushes (D:15)
  10 fungi (D:9)
  4 starspawn tentacles (Abyss:2)
31 creatures vanquished.

Grand Total: 631 creatures vanquished

Notes
Turn   | Place    | Note
-------+----------+-------------------------------------------
     0 | D:1      | McIrco the Gargoyle Fighter began the quest for the Orb.
     0 | D:1      | Reached XP level 1. HP: 14/14 MP: 1/1
    37 | D:1      | Reached XP level 2. HP: 19/19 MP: 2/2
   410 | D:1      | Reached XP level 3. HP: 23/23 MP: 3/3
   665 | D:2      | Found a basalt altar of Yredelemnul.
   846 | D:2      | Found a runed door.
   850 | D:2      | Noticed Crazy Yiuf
   855 | D:2      | Killed Crazy Yiuf
   855 | D:2      | Reached skill level 4 in Shields
   855 | D:2      | Reached XP level 4. HP: 20/28 MP: 4/4
  1350 | D:3      | Reached XP level 5. HP: 33/33 MP: 5/5
  1596 | D:3      | Reached skill level 1 in Dodging
  1786 | D:4      | Found a sparkling altar of Nemelex Xobeh.
  2104 | D:4      | Found a staircase to the Ecumenical Temple.
  2165 | D:4      | Found an opulent altar of Gozag.
  2311 | D:4      | Reached skill level 5 in Shields
  2322 | D:4      | Reached XP level 6. HP: 14/38 MP: 6/6
  2856 | D:5      | Entered Level 5 of the Dungeon
  2986 | D:5      | Reached XP level 7. HP: 2/43 MP: 7/7
  3293 | Temple   | Entered the Ecumenical Temple
  3303 | Temple   | Became a worshipper of Makhleb the Destroyer
  3383 | D:5      | Reached skill level 6 in Shields
  3854 | D:5      | Found the +12 Vampire's Tooth {vamp}
  4162 | D:6      | Reached XP level 8. HP: 41/48 MP: 8/8
  4165 | D:6      | Reached skill level 1 in Short Blades
  4165 | D:6      | Reached skill level 5 in Armour
  4364 | D:6      | Reached skill level 7 in Shields
  4424 | D:6      | Found a radiant altar of Vehumet.
  4678 | D:6      | Reached * piety under Makhleb
  5115 | D:7      | Reached XP level 9. HP: 48/53 MP: 9/9
  5136 | D:7      | Reached skill level 5 in Short Blades
  5222 | D:7      | Reached skill level 5 in Fighting
  5552 | D:7      | Reached ** piety under Makhleb
  5827 | D:8      | Noticed Gastronok
  5851 | D:8      | Killed Gastronok
  5851 | D:8      | Reached skill level 8 in Shields
  5851 | D:8      | Reached XP level 10. HP: 54/60 MP: 10/10
  5880 | D:8      | Found a shadowy altar of Dithmenos.
  5880 | D:8      | Found a snail-covered altar of Cheibriados.
  5922 | D:8      | Found a sacrificial altar of Ru.
  5923 | D:8      | Found an ornate altar of the Wu Jian Council.
  6918 | D:9      | Reached skill level 9 in Shields
  6972 | D:9      | Found a staircase to the Lair.
  7000 | D:9      | Reached *** piety under Makhleb
  7009 | D:9      | Found Jiakhoyj's Distillery.
  7012 | D:9      | Bought a potion of curing for 45 gold pieces
  7012 | D:9      | Bought a potion of heal wounds for 75 gold pieces
  7012 | D:9      | Bought a potion of mutation for 120 gold pieces
  7012 | D:9      | Bought a potion of heal wounds for 75 gold pieces
  7243 | D:9      | Reached XP level 11. HP: 66/66 MP: 11/11
  7635 | D:10     | Entered Level 10 of the Dungeon
  7638 | D:10     | Noticed a two-headed ogre
  7657 | D:10     | Killed a two-headed ogre
  7754 | D:10     | Noticed a two-headed ogre
  7772 | D:10     | Reached skill level 10 in Shields
  7779 | D:10     | Killed a two-headed ogre
  8003 | D:10     | Reached **** piety under Makhleb
  8247 | D:10     | Noticed a manticore
  8265 | D:10     | Killed a manticore
  8510 | D:11     | Noticed Erica
  8528 | D:11     | Killed Erica
  8546 | D:11     | Noticed a skeletal warrior
  8547 | D:11     | Noticed a skeletal warrior
  8547 | D:11     | Noticed a skeletal warrior
  8550 | D:11     | Noticed a skeletal warrior
  8582 | D:11     | Noticed a skeletal warrior
  8617 | D:10     | Killed a skeletal warrior
  8617 | D:10     | Reached skill level 11 in Shields
  8769 | D:11     | Killed a skeletal warrior
  8769 | D:11     | Reached XP level 12. HP: 44/73 MP: 12/12
  8832 | D:11     | You fall through a shaft for 3 floors!
  8873 | D:14     | Noticed an eight-headed hydra
  8896 | D:14     | Noticed a two-headed ogre
  9032 | D:14     | Reached skill level 10 in Armour
  9117 | D:14     | Reached skill level 5 in Dodging
  9151 | D:14     | Reached ***** piety under Makhleb
  9235 | D:13     | Reached skill level 12 in Shields
  9249 | D:13     | Noticed Rupert
  9274 | D:13     | Killed Rupert
  9338 | D:13     | Noticed a vault guard
  9619 | D:11     | Reached XP level 13. HP: 80/80 MP: 13/13
  9640 | D:11     | Reached skill level 10 in Short Blades
  9661 | D:11     | Reached skill level 13 in Shields
 10218 | D:12     | Found a burning altar of Makhleb.
 10218 | D:12     | Noticed Azrael
 10289 | D:12     | Killed Azrael
 10352 | D:12     | Found a staircase to the Orcish Mines.
 11006 | D:13     | Reached ****** piety under Makhleb
 11008 | D:13     | Got a steaming dagger {protect}
 11107 | D:13     | Noticed a vault guard
 11149 | D:13     | Killed a vault guard
 11149 | D:13     | Reached skill level 14 in Shields
 11251 | D:13     | Killed a vault guard
 11266 | D:13     | Found a gate to the Vaults.
 11266 | D:13     | Noticed a vault guard
 11267 | D:13     | Noticed a vault guard
 11286 | D:13     | Killed a vault guard
 11304 | D:13     | Killed a vault guard
 11366 | D:13     | Gained mutation: Your large and strong wings let you fly
                  | indefinitely. [Gargoyle growth]
 11366 | D:13     | Reached XP level 14. HP: 87/87 MP: 14/14
 11718 | D:14     | Reached skill level 10 in Fighting
 12220 | D:15     | Entered Level 15 of the Dungeon
 12342 | D:15     | Reached skill level 15 in Shields
 12563 | D:15     | Found a frozen archway.
 12631 | IceCv    | Entered an ice cave
 13456 | IceCv    | Reached skill level 16 in Shields
 13541 | IceCv    | Noticed a frost giant
 13576 | IceCv    | Killed a frost giant
 13576 | IceCv    | Reached XP level 15. HP: 81/93 MP: 15/15
 13662 | D:15     | Identified the Almanac of the Mountains and Augmentations
 13685 | D:15     | Identified a scroll of acquirement
 13686 | D:15     | Got a warped lapis lazuli ring
 13687 | D:15     | Identified the ring of Xuiges {rN+ MP+9 Str+4} (You
                  | acquired it on level 15 of the Dungeon)
 13762 | D:15     | Noticed Agnes
 13813 | D:15     | Killed Agnes
 14366 | D:15     | Found a blossoming altar of Fedhas.
 14422 | D:15     | Noticed Roxanne
 14469 | D:15     | Found a staircase to the Depths.
 14848 | Lair:1   | Entered Level 1 of the Lair of Beasts
 14869 | Lair:1   | Noticed Sonja
 14887 | Lair:1   | Cast into level 2 of the Abyss (Sonja)
 15049 | Abyss:2  | Reached skill level 17 in Shields
 15185 | Abyss:2  | Paralysed by you for 3 turns
 15191 | Abyss:2  | Noticed a bone dragon
 15206 | Abyss:2  | Noticed a deep elf elementalist
 15216 | Abyss:2  | Noticed a tentacled starspawn
 15228 | Abyss:2  | Killed a deep elf elementalist
 15243 | Abyss:2  | Paralysed by accursed screaming for 1 turns
 15245 | Abyss:2  | Found a radiant altar of Vehumet.
 15245 | Abyss:2  | Paralysed by accursed screaming for 1 turns
 15250 | Abyss:2  | Killed from afar by a starcursed mass

Skill      XL: |  1  2  3  4  5  6  7  8  9 10 11 12 13 14 15 |
---------------+----------------------------------------------+-----
Long Blades    | 2 3 4 |  4.3
Shields        | 4 5 6 7 8 9 11 12 14 16 17 | 17.1
Dodging        | 1 2 3 4 5 6 7 |  7.9
Armour         | 4 5 6 7 9 10 11 12 13 | 13.1
Fighting       | 4 5 6 8 9 10 11 | 11.1
Short Blades   | 4 8 9 10 11 | 11.3
Stealth        | |  0.6
Unarmed Combat | |  0.1

Action                   |  1- 3 |  4- 6 |  7- 9 | 10-12 | 13-15 || total
-------------------------+-------+-------+-------+-------+-------++-------
Melee: Long sword        |   131 |   260 |   105 |       |       ||   496
       Quick blade       |       |       |   235 |   955 |  2140 ||  3330
       Unarmed           |       |       |       |       |     3 ||     3
 Abil: Fly               |       |       |       |       |     1 ||     1
  Use: Scroll            |       |       |     9 |     4 |    18 ||    31
  Eat: Chunk             |       |     7 |     8 |    12 |    15 ||    42
       Ration            |       |       |     2 |       |     2 ||     4
Armor: Scale mail        |    81 |   176 |     6 |       |       ||   263
       Chain mail        |       |       |   100 |   184 |   596 ||   880
Dodge: Dodged            |    37 |    90 |    54 |   103 |   396 ||   680
Block: Shield            |    64 |   186 |   116 |   242 |   788 ||  1396
       Rpst.: Long sword |    13 |    18 |     9 |       |       ||    40
